 Dungeon Crawl Stone Soup version 0.31-a0-1002-g8e65716e6e (webtiles) character file.

Game seed: 6258439861662866353

905 Kabixx the Magician (level 7, -5/47 (52) HPs)
             Began as a Demonspawn Fire Elementalist on Nov 9, 2023.
             Was a Follower of Vehumet.
             Slain by a wight
             ... wielding a +2 halberd
              (6 damage)
             ... on level 5 of the Dungeon.
             The game lasted 00:13:55 (6860 turns).

Kabixx the Magician (Demonspawn Fire Elementalist)  Turns: 6860, Time: 00:13:56

HP:   -5/47 (52)    AC:  6    Str:  9    XL:     7   Next: 80%
MP:   12/16         EV: 12    Int: 18    God:    Vehumet [*.....]
Gold: 232           SH:  0    Dex: 13    Spells: 2/18 levels left

rFire   . . .        (no weapon)
rCold   + . .        (no shield)
rNeg    . . .        a - +0 robe
rPois   +            (helmet restricted)
rElec   .            (no cloak)
rCorr   +            (no gloves)
SInv    .            (no boots)
Will    .....        (no amulet)
Stlth   ++           c - ring of resist corrosion
HPRegen 0.27/turn    w - ring of protection from cold
MPRegen 0.15/turn

%: no passive effects
@: about to teleport, drained
A: antennae 1, slimy green scales 3, foul stench 1
a: Renounce Religion


You were on level 5 of the Dungeon.
You worshipped Vehumet.
Vehumet was aware of your devotion.
You visited 2 branches of the dungeon, and saw 7 of its levels.

You collected 232 gold pieces.

Inventory:

Missiles
 r - 2 throwing nets
Armour
 a - a +0 robe (worn)
 t - the +5 plate armour "Avvuh" {rF++ rC+ Int+2}
   (You found it on level 4 of the Dungeon)

   Int+2:     It affects your intelligence (+2).
   rF++:      It greatly protects you from fire.
   rC+:       It protects you from cold.
Jewellery
 c - a ring of resist corrosion (left hand)
 w - a ring of protection from cold (right hand)
Talismans
 n - a serpent talisman
Scrolls
 d - 2 scrolls of teleportation
 e - 4 scrolls of identify
 f - a scroll of revelation
 g - a scroll of torment
 l - a scroll of blinking
 m - a scroll of immolation
 q - a scroll of noise
Potions
 b - 2 potions of resistance {unknown}
 j - 2 potions of enlightenment {unknown}
 k - 2 potions of brilliance {unknown}
 o - a potion of mutation {unknown}
 p - 2 potions of degeneration {unknown}
 s - a potion of curing {unknown}
 u - a potion of berserk rage {unknown}
 v - a potion of attraction {unknown}
 x - a potion of heal wounds {unknown}
 z - a potion of magic


   Skills:
 * Level 3.0 Fighting
 + Level 2.4 Dodging
 + Level 2.1 Stealth
 * Level 6.2 Spellcasting
 + Level 2.2 Conjurations
 + Level 4.5 Fire Magic
 + Level 0.1 Poison Magic


You had 2 spell levels left.
You knew the following spells:

 Your Spells              Type           Power      Damage    Failure   Level
a - Foxfire               Conj/Fire      68%        2x1d7     3%          1
b - Scorch                Fire           42%        2d6       2%          2
c - Sting                 Tmut/Pois      20%        1d4       12%         1
d - Flame Wave            Conj/Fire      17%        2d7       28%         4
e - Poisonous Vapours     Pois/Air       10%        N/A       17%         2
f - Volatile Blastmotes   Fire/Tloc      26%        2d12      14%         3
g - Ignite Poison         Fire/Tmut/Pois 11%        N/A       19%         3

Your spell library contained the following spells:

 Spells                   Type           Power      Damage    Failure   Level
 Kiss of Death            Conj/Necr      36%        2d8       8%          1
 Inner Flame              Hex/Fire       13%        N/A       14%         3
 Sticky Flame             Conj/Fire      17%        2d4       28%         4
 Olgreb's Toxic Radiance  Pois           6%         N/A       73%         4
 Metabolic Englaciation   Hex/Ice        2%         N/A       97%         5
 Simulacrum               Ice/Necr       2%         N/A       100%        6
 Ignition                 Fire           10%        3d5       100%        8


Dungeon Overview and Level Annotations

Branches:
Dungeon (6/15)             Temple (1/1) D:4

Altars:
Ashenzari
Cheibriados
Dithmenos
Fedhas
Gozag
Hepliaklqana
Kikubaaqudgha
Makhleb
Nemelex Xobeh
Okawaru
Qazlal
Ru
Sif Muna
Trog
Vehumet
Wu Jian
Xom
Yredelemnul

Shops:
D:2 =!*([   D:6 :


Innate Abilities, Weirdness & Mutations

You have a pair of small antennae on your head.
You are completely covered in slimy green scales. (AC +4, rPois)
You may rarely emit foul miasma when damaged in melee.


Message History

The phantom's fire resistance burns away.
Casting: Scorch (safe; 3% risk of failure)
Confirm with . or Enter, or press ? or * to list all spells.
Flames lash the phantom.
The phantom is burned terribly!
The phantom is severely damaged.
The phantom hits you.
Casting: Scorch (safe; 3% risk of failure)
Confirm with . or Enter, or press ? or * to list all spells.
Flames lash the phantom.
The phantom is burned terribly!
You destroy the phantom!
Vehumet accepts your kill.
Your Fighting skill increases to level 3!
Unknown command.
You start resting.
HP restored.
A wight comes into view. It is wielding a +2 halberd.
A wight comes into view. It is wielding a +0 short sword.
You barely miss the wight.
A wight comes into view. It is wielding a +1 dagger of freezing.
The wight barely misses you. x2
The wight barely misses you. The wight completely misses you.
The wight hits you with a +0 short sword!
You feel drained. The wight misses you.
There is a stone staircase leading up, spattered with blood here.
The wight hits you with a +0 short sword.
You feel drained.
You emit a cloud of foul miasma!
The wight misses you. The wight barely misses you.
You climb upwards.
The crimson imp hits you with a +2 dagger of chaos.
You convulse!
The crimson imp disappears for a moment.
The crimson imp hits you with a +2 dagger of chaos.
The crimson imp burns you.
You emit a cloud of foul miasma!
There is a stone staircase leading down here.
As you read the scroll of teleportation, it crumbles to dust.
You feel strangely unstable. The wight barely misses you.
The wight hits you from afar with a +2 halberd!
* * * LOW HITPOINT WARNING * * *
You feel drained.
You die...

.# #...#
###.....###### .#
#.5.# ###........# .#
##.## #..#####.# .#
#.# #..#####.# .# #.#
#......... ########
#.# ####### ##.#####.#
#......###.# #z....#
#.#####.#
#..........#####5###.#
#.......#
#.............zz@# #.#
######.##
#.#........#########.#
#.# #.#.##.###.# #..#
#.# #.#.##.# #.# #.##
#.# #......# #.# #.#
#.# ###.######.### #.#
#.# ###.# #.....# #.#
#.# ....# #.....#
##.## #.## ....#
#.....# #...# #...


You could see 3 wights and a crimson imp.

Vanquished Creatures
  Menkaure (D:4)
  A water moccasin (D:6)
  A phantom (D:6)
  A scorpion (D:5)
  A howler monkey (D:6)
  2 hounds (D:6)
  2 orc priests
  2 iguanas
  2 jellies
  2 orc wizards
  4 gnolls (D:3)
  5 adders
  2 ufetubi (D:6)
  A worm (D:4)
  3 dart slugs
  20 orcs
  15 bats
  6 endoplasms
  4 giant cockroaches
  7 hobgoblins
  4 jackals (D:3)
  3 quokkas (D:1)
  7 ball pythons
  3 frilled lizards
  8 goblins
  7 kobolds
  5 rats
119 creatures vanquished.

Vanquished Creatures (others)
  207 foxfires
207 creatures vanquished.

Grand Total: 326 creatures vanquished

Notes
Turn   | Place    | Note
-------+----------+-------------------------------------------
     0 | D:1      | Kabixx the Demonspawn Fire Elementalist began the quest for
                  | the Orb.
     0 | D:1      | Reached XP level 1. HP: 13/13 MP: 3/3
   371 | D:1      | Gained mutation: You may rarely emit foul miasma when
                  | damaged in melee. [demonic ancestry]
   371 | D:1      | Reached XP level 2. HP: 17/19 MP: 1/5
   728 | D:1      | Learned a level 2 spell: Scorch
  1218 | D:1      | Found a faded altar of an unknown god.
  1466 | D:2      | Reached XP level 3. HP: 18/25 MP: 0/6
  1869 | D:2      | Found Fodeoqok's Distillery.
  1884 | D:2      | Found Pov Unyf's Weapon Shoppe.
  2189 | D:2      | Found Girumo's Armour Shoppe.
  2517 | D:2      | Reached skill level 1 in Fighting
  2567 | D:2      | Found Wurem's General Store.
  2570 | D:2      | Found Afutoll's Jewellery Boutique.
  2702 | D:3      | Reached skill level 3 in Spellcasting
  2766 | D:3      | Gained mutation: You have a pair of small antennae on your
                  | head. [demonic ancestry]
  2766 | D:3      | Reached XP level 4. HP: 32/32 MP: 5/8
  2927 | D:3      | Learned a level 1 spell: Sting
  3239 | D:3      | Found a stormy altar of Qazlal.
  3349 | D:3      | Gained mutation: You are partially covered in slimy green
                  | scales. (AC +2) [demonic ancestry]
  3349 | D:3      | Reached XP level 5. HP: 37/37 MP: 7/10
  3441 | D:3      | Reached skill level 4 in Spellcasting
  4279 | D:4      | Gained mutation: You are mostly covered in slimy green
                  | scales. (AC +3) [demonic ancestry]
  4279 | D:4      | Reached XP level 6. HP: 40/44 MP: 5/12
  4351 | D:4      | Noticed Menkaure
  4361 | D:4      | Killed Menkaure
  4362 | D:4      | Reached skill level 5 in Spellcasting
  4499 | D:4      | Identified the +5 plate armour "Avvuh" {rF++ rC+ Int+2}
  4505 | D:4      | Learned a level 4 spell: Flame Wave
  4508 | D:4      | Learned a level 2 spell: Poisonous Vapours
  4512 | D:4      | Learned a level 3 spell: Volatile Blastmotes
  4517 | D:4      | Found an ornate altar of the Wu Jian Council.
  4518 | D:4      | Found an iron altar of Okawaru.
  4735 | D:4      | Found a staircase to the Ecumenical Temple.
  4764 | Temple   | Entered the Ecumenical Temple
  4783 | Temple   | Became a worshipper of Vehumet
  5099 | D:5      | Identified the "Feuppek"
  5099 | D:5      | Entered Level 5 of the Dungeon
  5392 | D:5      | Found a hazy altar of Hepliaklqana.
  5469 | D:5      | Gained mutation: You are completely covered in slimy green
                  | scales. (AC +4, rPois) [demonic ancestry]
  5469 | D:5      | Reached XP level 7. HP: 48/51 MP: 6/15
  5740 | D:5      | Found an opulent altar of Gozag.
  5953 | D:5      | Found a burning altar of Makhleb.
  5953 | D:5      | Found a shimmering altar of Xom.
  6197 | D:5      | Reached * piety under Vehumet
  6197 | D:5      | Offered knowledge of Kiss of Death by Vehumet.
  6564 | D:6      | Found Muup's Book Shoppe.
  6648 | D:6      | Learned a level 3 spell: Ignite Poison
  6744 | D:6      | Reached skill level 6 in Spellcasting
  6860 | D:5      | HP: 1/49 [wight/+2 halberd (16)]
  6860 | D:5      | Slain by a wight

Illustrated notes

Levels and vault maps discovered:
D:1:      eino_arrival_water_star, layout_loops_cross,
          hellmonk_ecumenical_altar_inner_sanctum, minmay_tripent
D:2:      layout_basic, serial_shops, shop, nicolae_shop_industrial_runoff,
          shop, nicolae_shop_window_shopping, nicolae_shop_hallway_plus,
          minmay_pentomino_s2
D:3:      layout_basic, lemuel_round_altar, kennysheep_small_spiral,
          serial_bayou_pond_c, small_statue_intersection,
          guppyfry_early_orc_mine
D:4:      layout_cave_pools, nicolae_overflow_squiral, minmay_temple_entry_mist,
          kennysheep_potato, uniq_menkaure
D:5:      layout_loops_cross, grunt_temple_overflow_champion_of_chaos,
          nicolae_hepliaklqana_hippocampus, kennysheep_mini, roderic_batcave,
          grunt_decor_junction
D:6:      layout_cave_pools, serial_shops, shop
Temple:   nicolae_temple_bog_church

Skill      XL: |  1  2  3  4  5  6  7 |
---------------+----------------------+-----
Fire Magic     | 3 4 |  4.5
Fighting       | 1 2 3 |  3.0
Spellcasting   | 3 4 5 6 |  6.2
Stealth        | 2 |  2.1
Conjurations   | 2 |  2.2
Dodging        | 2 |  2.4
Poison Magic   | |  0.1

Action                     |  1- 3 |  4- 6 |  7- 9 || total
---------------------------+-------+-------+-------++-------
  Melee: Unarmed           |     9 |     5 |    15 ||    29
         Punch             |     1 |       |       ||     1
   Cast: Foxfire           |    53 |    53 |    24 ||   130
         Scorch            |    22 |    44 |    25 ||    91
         Sting             |       |     1 |     5 ||     6
    Use: Scroll            |       |     2 |     8 ||    10
         Potion            |       |     1 |       ||     1
 Armour: Robe              |    31 |    27 |    50 ||   108
  Dodge: Dodged            |    27 |    18 |    46 ||    91

Table legend: (Time is in decaauts)
 A = Elapsed time spent in this place.
 B = Non-inter-level travel time spent in this place.
 C = Inter-level travel time spent in this place.
 D = Time resting spent in this place.
 E = Time spent auto-exploring this place.
 F = Levels seen in this place.
 G = Mean time per level.
                   A        B        C        D        E       F      G
               +--------+--------+--------+--------+--------+-----+--------+
         Total |   6876 |   6510 |    366 |   2256 |   3221 |   7 |  982.3 |
       Dungeon |   6837 |   6507 |    330 |   2256 |   3221 |   6 | 1139.5 |
        Temple |     38 |      2 |     36 |      0 |      0 |   1 |   38.0 |
               +--------+--------+--------+--------+--------+-----+--------+

Top non-repeatable levels by time:
     D:2: 1426 daAuts
     D:1: 1386 daAuts
     D:3: 1379 daAuts
     D:5: 1258 daAuts
     D:4: 945 daAuts
     D:6: 440 daAuts
  Temple: 38 daAuts
